 Dungeon Crawl Stone Soup version 0.29-a0-653-gd47aff6735 (webtiles) character file.

Game seed: 18414809254957147574

41 HoaS the Caller (level 3, 0/19 HPs)
             Began as a Tengu Summoner on June 21, 2022.
             Succumbed to an adder's poison
             ... on level 2 of the Dungeon.
             The game lasted 00:05:51 (1311 turns).

HoaS the Caller (Tengu Summoner)                    Turns: 1311, Time: 00:05:51

Health: 0/19       AC:  7    Str:  8    XL:     3   Next: 52%
Magic:  6/8        EV: 12    Int: 17    God:
Gold:   93         SH:  0    Dex: 14    Spells: 6/7 levels left

rFire   . . .      SeeInvis .   f - +0 dagger
rCold   . . .      Faith    .   (no shield)
rNeg    . . .      Spirit   .   a - +0 robe
rPois   .          Reflect  .   (helmet restricted)
rElec   .          Harm     .   c - +2 cloak
rCorr   .          Rampage  .   (no gloves)
Will    .....                   (boots unavailable)
Stlth   ++........              (no amulet)
HPRegen 0.06/turn               (no ring)
MPRegen 0.11/turn               (no ring)

@: lethally poisoned (0 -> -4), attractive
A: beak, talons 3, iridescent scales 1, deterioration 1, mutation resistance 1
a: no special abilities


You were on level 2 of the Dungeon.
You visited 1 branch of the dungeon, and saw 2 of its levels.

You collected 93 gold pieces.

Inventory:

Hand Weapons
 f - a +0 dagger (weapon)
Armour
 a - a +0 robe (worn)
 c - a +2 cloak (worn)
Scrolls
 d - 2 scrolls of identify {unknown}
 e - a scroll of blinking {unknown}
 g - a scroll of amnesia {unknown}
 i - a scroll of brand weapon {unknown}
Potions
 b - a potion of magic


   Skills:
 + Level 2.6 Dodging
 - Level 2.0 Stealth
 * Level 2.7 Spellcasting
 * Level 5.4 Summonings


You had 6 spell levels left.
You knew the following spells:

 Your Spells              Type           Power      Damage    Failure   Level
a - Summon Small Mammal   Summ           80%        N/A       1%          1

Your spell library contained the following spells:

 Spells                   Type           Power      Damage    Failure   Level
 Call Imp                 Summ           20%        N/A       3%          2
 Call Canine Familiar     Summ           20%        N/A       6%          3
 Sandblast                Erth           4%         2d4       19%         1
 Summon Guardian Golem    Hex/Summ       11%        N/A       19%         3
 Passwall                 Tmut/Erth      1%         N/A       26%         2
 Stone Arrow              Conj/Erth      4%         3d7       47%         3
 Summon Lightning Spire   Summ/Air       11%        N/A       52%         4


Dungeon Overview and Level Annotations

Branches:
Dungeon (2/15)

Altars:


Innate Abilities, Weirdness & Mutations

You have a beak for a mouth.
You have claws for feet.
You are partially covered in iridescent scales. (AC +2)
Your body sometimes deteriorates upon taking damage.
You are somewhat resistant to further mutation.


Message History

The ball python barely misses you. The ball python closely misses you.
Your quokka bites the ball python.
The ball python dies!
Your quokka closely misses the adder.
You barely miss the adder.
The adder is lightly wounded.
You feel sick.
You are no longer poisoned.
The adder bites you.
You are poisoned.
The adder poisons you!
Your quokka bites the adder.
The adder closely misses your quokka.
You hit the adder but do no damage. Your kick misses the adder.
The adder is lightly wounded.
You feel sick.
Your quokka misses the adder.
Your quokka bites the adder.
The adder bites you.
You are lethally poisoned!
The adder poisons you!
Your quokka bites the adder.
You closely miss the adder. Your kick misses the adder.
The adder is almost dead.
* * * LOW HITPOINT WARNING * * *
You feel sick.
Your quokka barely misses the adder.
The adder barely misses you.
Your quokka barely misses the adder.
Your quokka bites the adder.
The adder dies!
* * * LOW HITPOINT WARNING * * *
You feel sick.
There is a lethal amount of poison in your body!
It was a potion of attraction.
You feel attractive to monsters.
* * * LOW HITPOINT WARNING * * *
You feel sick.
It was a potion of mutation.
You feel extremely strange.
You feel yourself wasting away.
Iridescent scales grow over part of your body.
You feel genetically stable.
* * * LOW HITPOINT WARNING * * *
You feel sick.
There is a lethal amount of poison in your body!
You die...

#.......... ...........
......... ..$.... .....##
#.#...###. ##.#.#.....
#.......... . ##.r@.#....
.###### ##..#.r# ..
......# ##..##..# ......#
##..####.# ......####..##
.# .........).## .#
###.#.###########...
#....###.........#.....##
##...##..#............|.##


You could see 2 friendly quokkas.

Vanquished Creatures
  2 dart slugs (D:1)
  3 endoplasms (D:1)
  A giant cockroach (D:1)
  3 goblins
  2 hobgoblins (D:1)
  3 kobolds (D:1)
  A ball python (D:1)
  A rat (D:1)
16 creatures vanquished.

Vanquished Creatures (collateral kills)
  An adder (D:2)
  An endoplasm (D:1)
  2 goblins
  2 hobgoblins (D:2)
  A quokka (D:1)
  A ball python (D:2)
8 creatures vanquished.

Grand Total: 24 creatures vanquished

Notes
Turn   | Place    | Note
-------+----------+-------------------------------------------
     0 | D:1      | HoaS the Tengu Summoner began the quest for the Orb.
     0 | D:1      | Reached XP level 1. HP: 10/10 MP: 4/4
   472 | D:1      | Reached skill level 5 in Summonings
   472 | D:1      | Reached XP level 2. HP: 15/15 MP: 6/6
   765 | D:1      | Reached XP level 3. HP: 14/19 MP: 7/7
  1310 | D:2      | Gained mutation: Your body sometimes deteriorates upon
                  | taking damage. [potion of mutation]
  1310 | D:2      | Gained mutation: You are partially covered in iridescent
                  | scales. (AC +2) [potion of mutation]
  1310 | D:2      | Gained mutation: You are somewhat resistant to further
                  | mutation. [potion of mutation]
  1311 | D:2      | Succumbed to an adder's poison

Illustrated notes

Levels and vault maps discovered:
D:1:      eino_arrival_cavern_a, layout_loops_ring, minmay_misc_feat_five
D:2:      layout_rooms, ebering_ecumenical_altar_mist

Skill      XL: |  1 |
---------------+----+-----
Summonings     | 5 |  5.4
Dodging        | |  2.6
Stealth        | |  2.0
Spellcasting   | |  2.7

Action                   || total
-------------------------++-------
Melee: Club              ||    15
       Kick              ||    13
       Peck              ||     3
       Dagger            ||    38
 Cast: Summon Small Mamm ||    12
  Use: Potion            ||     2
 Stab: Sleeping          ||     4
Armor: Robe              ||    13
Dodge: Dodged            ||    39

Table legend: (Time is in decaauts)
 A = Elapsed time spent in this place.
 B = Non-inter-level travel time spent in this place.
 C = Inter-level travel time spent in this place.
 D = Time resting spent in this place.
 E = Time spent auto-exploring this place.
 F = Levels seen in this place.
 G = Mean time per level.
                   A        B        C        D        E       F      G
               +--------+--------+--------+--------+--------+-----+--------+
         Total |   1314 |   1268 |     46 |    450 |    577 |   2 |  657.0 |
       Dungeon |   1314 |   1268 |     46 |    450 |    577 |   2 |  657.0 |
               +--------+--------+--------+--------+--------+-----+--------+

Top non-repeatable levels by time:
     D:1: 1207 daAuts
     D:2: 106 daAuts
